 Seeded DCSS version 0.27-a0-1308-gc08437e49b (webtiles) character file.

Game seed: 12222999867958325445 (custom seed)

98337 flotson the Carver (level 15, -3/120 HPs)
             Began as a Demonspawn Delver on June 18, 2021.
             Was an Initiate of Gozag.
             Slain by Jorgrun (8 damage)
             ... on level 13 of the Dungeon.
             The game lasted 00:53:40 (31423 turns).

flotson the Carver (Demonspawn Delver)             Turns: 31423, Time: 00:53:42

Health: -3/120     AC: 22    Str: 18    XL:     15   Next: 74%
Magic:  0/15       EV: 16    Int: 12    God:    Gozag
Gold:   4980       SH: 32    Dex: 22    Spells: 14/14 levels left

rFire    + . .     SeeInvis .   a - +7 Singing Sword {vorpal, sonic wave}
rCold    . . .     Faith    .   L - +2 tower shield {rN+}
rNeg     + + .     Spirit   +   I - +2 scale mail {rF+}
rPois    .         Reflect  .   (no helmet)
rElec    .         Harm     .   r - scarf {shadows}
rCorr    .         Rampage  +   U - +1 pair of gloves
Will     +++..                  o - +2 pair of boots {rampage}
Stlth    ++........             Z - brooch of Shielding {Spirit SH+8}
HPRegen  0.30/turn              J - ring "Mutas" {+Blink rN+ Will+}
MPRegen  0.14/turn              X - ring "Evafapse" {Will+ Dex+7}

@: mighty, agile, grasped by roots, gold aura, constricted
A: talons 2, yellow scales 1, icemail 1, powered by pain 2, condensation shield
a: Renounce Religion, Evoke Blink, Potion Petition, Call Merchant, Bribe Branch


You were on level 13 of the Dungeon.
You worshipped Gozag.
Gozag was most pleased with you.
You visited 4 branches of the dungeon, and saw 22 of its levels.
You also visited: Sewer and Gauntlet.

You collected 8180 gold pieces.
You spent 3130 gold pieces at shops.
You paid 70 gold pieces to Gozag.

Inventory:

Hand Weapons
 a - the +7 Singing Sword (weapon) {vorpal, sonic wave}
   (You found it on level 5 of the Dungeon)

   It inflicts extra damage upon your enemies.
 b - a +3 hand crossbow of venom
Missiles
 n - 14 silver javelins
 v - 3 curare-tipped darts
 C - 38 bolts
 N - 6 javelins (quivered)
 Q - a throwing net
Armour
 l - a +2 cloak of poison resistance
 o - a +2 pair of boots of rampaging (worn)
 r - a scarf of shadows (worn)
 I - a +2 scale mail of fire resistance (worn)
 L - a +2 tower shield of positive energy (worn)
 O - a +2 chain mail of cold resistance
 U - a +1 pair of gloves (worn)
Jewellery
 q - a ring of willpower
 z - a ring of flight
 J - the ring "Mutas" (left hand) {+Blink rN+ Will+}
   (You bought it in a shop on level 2 of the Orcish Mines)

   [ring of willpower]

   It protects you from negative energy.
   It lets you blink.
   It increases your willpower.
 X - the ring "Evafapse" (right hand) {Will+ Dex+7}
   (You bought it in a shop on level 2 of the Orcish Mines)

   [ring of willpower]

   It affects your dexterity (+7).
   It increases your willpower.
 Z - the brooch of Shielding (around neck) {Spirit SH+8}
   (You bought it in a shop on level 2 of the Orcish Mines)

   [amulet of guardian spirit]

   It causes incoming damage to be divided between your reserves of health and
   magic.
   It affects your SH (+8).
Wands
 g - a wand of digging (14)
 w - a wand of iceblast (19)
 G - a wand of paralysis (18)
 P - a wand of polymorph (9)
 S - a wand of flame (49)
 T - a wand of charming (20)
 V - a wand of acid (2)
Scrolls
 c - 8 scrolls of fog
 e - 2 scrolls of fear
 i - 5 scrolls of amnesia {unknown}
 m - 4 scrolls of blinking
 p - 5 scrolls of vulnerability {unknown}
 t - a scroll of immolation {unknown}
 y - 4 scrolls of enchant armour {unknown}
 A - 2 scrolls of magic mapping
 D - 2 scrolls of torment {unknown}
 E - 6 scrolls of teleportation
 F - a scroll of acquirement {unknown}
 K - a scroll of holy word {unknown}
 R - 4 scrolls of enchant weapon {unknown}
 Y - a scroll of silence {unknown}
Potions
 f - 2 potions of haste
 h - 9 potions of might
 j - 15 potions of curing
 s - 10 potions of heal wounds
 x - 3 potions of berserk rage
 B - 2 potions of lignification
 H - a potion of ambrosia
 W - a potion of attraction
Miscellaneous
 d - a phantom mirror
 k - a phial of floods
 u - a piece from Xom's chessboard (15/15)


   Skills:
 + Level 11.6 Fighting
 * Level 14.0 Long Blades
 + Level 2.8 Crossbows
 - Level 6.0 Throwing
 + Level 10.3 Armour
 + Level 10.6 Dodging
 - Level 4.5 Stealth
 + Level 10.2 Shields
 - Level 6.0 Evocations


You had 14 spell levels left.
You didn't know any spells.
Your spell library contained the following spells:

 Spells                   Type           Power      Damage    Failure   Level
 Animate Skeleton         Necr           0%         N/A       99%         1
 Apportation              Tloc           0%         N/A       99%         1
 Corona                   Hex            0%         N/A       99%         1
 Foxfire                  Conj/Fire      0%         2x1d4     99%         1
 Freeze                   Ice            0%         1d3       99%         1
 Magic Dart               Conj           0%         1d3       99%         1
 Sting                    Tmut/Pois      0%         1d3       99%         1
 Summon Small Mammal      Summ           0%         N/A       99%         1
 Corpse Rot               Necr/Air       N/A        N/A       100%        2
 Poisonous Vapours        Pois/Air       0%         N/A       100%        2
 Searing Ray              Conj           0%         3d3       100%        2
 Conjure Flame            Conj/Fire      0%         6-21      100%        3
 Dazzling Flash           Conj/Hex       0%         N/A       100%        3
 Frozen Ramparts          Ice            0%         1d2       100%        3
 Ignite Poison            Fire/Tmut/Pois 0%         N/A       100%        3
 Inner Flame              Hex/Fire       0%         N/A       100%        3
 Mephitic Cloud           Conj/Pois/Air  0%         N/A       100%        3
 Ozocubu's Armour         Ice            0%         N/A       100%        3
 Airstrike                Air            0%         N/A       100%        4
 Animate Armour           Summ/Erth      0%         N/A       100%        4
 Animate Dead             Necr           0%         N/A       100%        4
 Cause Fear               Hex            0%         N/A       100%        4
 Fulminant Prism          Conj/Hex       0%         3d6       100%        4
 Hailstorm                Conj/Ice       0%         3d3       100%        4
 Ice Form                 Ice/Tmut       0%         N/A       100%        4
 Iskenderun's Mystic Bla  Conj/Tloc      0%         2d3       100%        4
 Leda's Liquefaction      Hex/Erth       0%         N/A       100%        4
 Olgreb's Toxic Radiance  Pois           0%         N/A       100%        4
 Sticky Flame             Conj/Fire      0%         2d3       100%        4
 Summon Ice Beast         Ice/Summ       0%         N/A       100%        4
 Summon Lightning Spire   Summ/Air       0%         N/A       100%        4
 Blade Hands              Tmut           0%         N/A       100%        5
 Bolt of Magma            Conj/Fire/Erth 0%         4d4       100%        5
 Borgnjor's Vile Clutch   Necr/Erth      0%         N/A       100%        5
 Fireball                 Conj/Fire      0%         3d3       100%        5
 Freezing Cloud           Conj/Ice/Air   0%         6-21      100%        5
 Irradiate                Conj/Tmut      0%         3d13      100%        5
 Metabolic Englaciation   Hex/Ice        0%         N/A       100%        5
 Silence                  Hex/Air        0%         N/A       100%        5
 Yara's Violent Unravell  Hex/Tmut       0%         3d3       100%        5
 Death Channel            Necr           0%         N/A       100%        6
 Iron Shot                Conj/Erth      0%         9d1       100%        6
 Simulacrum               Ice/Necr       0%         N/A       100%        6
 Statue Form              Tmut/Erth      0%         N/A       100%        6
 Dragon Form              Tmut           0%         N/A       100%        7
 Ozocubu's Refrigeration  Ice            0%         4d5       100%        7
 Storm Form               Tmut/Air       0%         N/A       100%        7
 Discord                  Hex            0%         N/A       100%        8
 Shatter                  Erth           0%         3d5*      100%        9


Dungeon Overview and Level Annotations

Branches:
Dungeon (13/15)            Temple (1/1) D:5            Lair (6/6) D:10
 Shoals (0/4) Lair:4       Spider (0/4) Lair:2        Slime (0/5) Lair:5
    Orc (2/2) D:9             Elf (0/3) Orc:2        Vaults (0/5) D:13
  Sewer (visited)         Gauntlet (visited)

Altars:
Ashenzari
Cheibriados
Dithmenos
Elyvilon
Fedhas
Gozag
Hepliaklqana
Kikubaaqudgha
Makhleb
Nemelex Xobeh
Qazlal
Ru
Sif Muna
Uskayaw
Vehumet
Xom
Zin
The Shining One

Shops:
D:7 *   Orc:2 *=((

Annotations:
D:13 Jorgrun


Innate Abilities, Weirdness & Mutations

You have razor-sharp toenails.
You are partially covered in yellow scales. (AC +2)
A meltable icy envelope protects you from harm. (AC +4)
You sometimes gain power by taking damage.
A meltable shield of frost defends you. (SH +4)


Message History

The centaur warrior hits you but does no damage.
The centaur warrior kicks you but does no damage.
You closely miss the centaur warrior.
The centaur warrior is almost dead.
You block the centaur warrior's attack. x2; You block Jorgrun's attack.
The grasping roots constrict you!
Unknown command.
You barely miss the centaur warrior.
The centaur warrior is almost dead.
You block the centaur warrior's attack. x2
Jorgrun points at you and mumbles some strange words.
The iron shot misses you. The grasping roots constrict you!
You block the centaur warrior's attack. x2
Unknown command.
You are too injured to fight recklessly!
Unknown command.
You slash Jorgrun!
Jorgrun is heavily wounded.
You block the centaur warrior's attack.
The centaur warrior kicks you but does no damage.
Jorgrun is distracted by your dazzling golden aura.
The grasping roots constrict you.
The centaur warrior hits you but does no damage.
You block the centaur warrior's attack.
Jorgrun shouts!
You slice Jorgrun!!
Jorgrun is no longer distracted by gold.
Jorgrun is severely wounded.
You block the centaur warrior's attack. x2
Jorgrun hits you with a staff of earth. The grasping roots constrict you!
Unknown command.
You slice the centaur warrior!!
You kill the centaur warrior!
Jorgrun points at you and mumbles some strange words.
The iron shot hits you!!!
* * * LOW HITPOINT WARNING * * *
You focus on the pain.
You feel very mighty all of a sudden.
You die...
Your body crumbles into a pile of gold.

#.......# .... #.......#
.....# #.......# #.....#
#.......#######.....#
##..................#
#..................#
#..................#
#..................##
##..............@$...####
................$g$.....#
........#.########'''##.#
..........#)....#.....#.#
..........#[....'.....#.#
........#.#..⌠..'..⌠..#.#
........#.#.....'....(#.#
........#.#.....#.....#.#
#########.##'''########.#


You could see Jorgrun.

Vanquished Creatures
  A minotaur (Gauntlet)
  Snorg (D:13)
  A fire dragon (Lair:6)
  2 vault guards (D:13)
  7 hydras
  4 boulder beetles
  4 ogre magi (Orc:2)
  Harold (D:10)
  3 centaur warriors (D:13)
  17 two-headed ogres
  Urug (D:10)
  4 death yaks
  2 tengu warriors
  Nergalle (Lair:2)
  Sonja (Orc:2)
  2 orc high priests
  A death drake (Gauntlet)
  A swamp dragon (Lair:6)
  A wizard (D:13)
  A spectral wolf spider (Gauntlet)
  A wolf spider zombie (Gauntlet)
  A necromancer (D:13)
  2 ugly things
  A deep elf pyromancer (D:12)
  2 oklob plants
  2 orc sorcerers (Orc:1)
  5 cyclopes
  12 elephants
  A merfolk siren (Lair:4)
  A spectral centaur (Gauntlet)
  2 torpor snails
  3 black mambas
  2 gargoyles (D:12)
  14 cane toads
  A spectral redback (Gauntlet)
  An unseen horror (D:13)
  A kobold demonologist (D:12)
  2 rime drakes (Lair:6)
  A tengu conjurer (Gauntlet)
  11 komodo dragons
  3 merfolk (Lair:4)
  11 polar bears
  2 wandering mushrooms (Lair:2)
  6 trolls
  5 jumping spiders (Lair:2)
  3 raiju (Lair:6)
  A hornet (D:8)
  3 blink frogs (Lair:3)
  6 slime creatures (D:13)
  7 dream sheep (Lair:6)
  2 redbacks (Lair:2)
  6 shadows
  5 wyverns
  64 yaks
  21 humans (D:13)
  2 basilisks
  2 steam dragons (Lair:6)
  Menkaure (D:4)
  6 vampire mosquitoes
  The ghost of gowby the Digger, an amateur BaEE of Okawaru (D:5)
  8 wargs
  An acid dragon (D:10)
  13 water moccasins
  14 hell hounds (Lair:6)
  2 swamp drakes (Lair:6)
  7 orc warriors
  A sky beast (D:3)
  2 ice beasts
  16 black bears
  2 necrophages
  26 ogres
  35 wolves
  12 centaurs
  A kobold brigand (D:9)
  11 bullfrogs
  3 gnoll sergeants
  A wyvern zombie (D:7)
  6 scorpions
  13 killer bees (D:9)
  2 vampire bats (D:9)
  3 wights (D:6)
  A howler monkey (D:9)
  An electric eel (Lair:3)
  A bullfrog zombie (D:6)
  4 centaur zombies
  17 orc priests
  A wyvern simulacrum (D:5)
  A hound (D:6)
  3 jellies
  2 centaur skeletons
  2 gnoll shamans
  4 iguanas
  18 orc wizards
  2 bullfrog simulacra (D:5)
  A centaur simulacrum (D:5)
  A hound skeleton (D:4)
  3 howler monkey zombies
  20 gnolls
  14 adders
  A shadow imp (D:5)
  A white imp (D:7)
  3 worms
  4 dart slugs
  38 orcs
  17 bats
  5 endoplasms
  2 giant cockroaches
  6 goblins
  2 hobgoblins
  22 jackals
  A quokka (D:4)
  8 ball pythons
  5 frilled lizards
  14 kobolds
  2 rats (D:1)
685 creatures vanquished.

Vanquished Creatures (others)
  An iguana (Lair:6)
  68 fungi
  117 plants
  2 withered plants (D:8)
188 creatures vanquished.

Grand Total: 873 creatures vanquished

Notes
Turn   | Place    | Note
-------+----------+-------------------------------------------
     0 | D:5      | flotson the Demonspawn Delver began the quest for the Orb.
     0 | D:5      | Reached XP level 1. HP: 18/18 MP: 1/1
    15 | D:5      | Noticed a wyvern simulacrum
    49 | D:5      | Noticed a centaur
   104 | D:5      | Found a runed translucent gate.
   104 | D:5      | Found a runed translucent gate.
   104 | D:5      | Found a runed translucent gate.
   382 | D:4      | Reached skill level 2 in Long Blades
   382 | D:4      | Gained mutation: A meltable shield of frost defends you.
                  | (SH +4) [demonic ancestry]
   382 | D:4      | Reached XP level 2. HP: 18/24 MP: 2/2
   383 | D:4      | Found a glowing drain.
   467 | Sewer    | Entered a sewer
   636 | Sewer    | Reached skill level 1 in Armour
   636 | Sewer    | Reached XP level 3. HP: 27/29 MP: 3/3
  1958 | D:3      | Reached XP level 4. HP: 35/35 MP: 4/4
  2401 | D:3      | Noticed a sky beast
  2489 | D:4      | Noticed a scorpion
  2503 | D:4      | Killed a scorpion
  2504 | D:4      | Gained mutation: A meltable icy envelope protects you from
                  | harm. (AC +4) [demonic ancestry]
  2504 | D:4      | Reached XP level 5. HP: 26/42 MP: 5/5
  2794 | D:4      | Noticed a necrophage
  2800 | D:4      | Reached skill level 3 in Long Blades
  2807 | D:4      | Noticed an ogre
  3160 | D:2      | Reached skill level 1 in Shields
  4842 | D:3      | Killed a sky beast
  4843 | D:3      | Reached XP level 6. HP: 37/49 MP: 6/6
  5056 | D:4      | Noticed Menkaure
  5074 | D:4      | HP: 2/49 [Menkaure (2)]
  5075 | D:4      | Killed Menkaure
  5076 | D:4      | Gained mutation: You are partially covered in yellow
                  | scales. (AC +2) [demonic ancestry]
  5076 | D:4      | Reached XP level 7. HP: 2/55 MP: 7/7
  6093 | D:5      | Found a staircase to the Ecumenical Temple.
  6102 | Temple   | Entered the Ecumenical Temple
  6300 | Temple   | Became a worshipper of Gozag Ym Sagoz the Greedy
  6378 | D:5      | Reached skill level 5 in Fighting
  6638 | D:5      | Reached skill level 4 in Long Blades
  6979 | D:5      | Gained mutation: You have sharp toenails. [demonic
                  | ancestry]
  6979 | D:5      | Reached XP level 8. HP: 62/62 MP: 8/8
  7214 | D:5      | Noticed gowby's ghost (amateur BaEE)
  7436 | D:5      | Reached skill level 1 in Throwing
  7436 | D:5      | Reached skill level 1 in Evocations
  7610 | D:5      | Found the +7 Singing Sword {vorpal, sonic wave}
  7882 | D:6      | Noticed a troll
  7931 | D:6      | Killed a troll
  7932 | D:6      | Reached skill level 5 in Long Blades
  8253 | D:6      | Reached XP level 9. HP: 21/69 MP: 9/9
  9235 | D:7      | Reached skill level 5 in Dodging
  9297 | D:7      | You fall into a shaft and drop 1 floor!
  9317 | D:8      | Reached skill level 6 in Long Blades
  9629 | D:7      | Found Pacuigh's Assorted Antiques.
  9637 | D:7      | Bought a pink potion for 24 gold pieces
  9637 | D:7      | Bought a lumpy ruby potion for 24 gold pieces
  9637 | D:7      | Bought a scroll labelled AJIGUTOASM for 27 gold pieces
  9637 | D:7      | Bought a shiny scale mail for 189 gold pieces
 10341 | D:8      | Found an ancient bone altar of Kikubaaqudgha.
 10609 | D:9      | Found a staircase to the Orcish Mines.
 10837 | D:9      | Reached skill level 5 in Armour
 10837 | D:9      | Gained mutation: You sometimes gain a little power by
                  | taking damage. [demonic ancestry]
 10837 | D:9      | Reached XP level 10. HP: 77/77 MP: 10/10
 11381 | D:9      | Reached skill level 7 in Long Blades
 12165 | D:10     | Entered Level 10 of the Dungeon
 12337 | D:10     | Found a staircase to the Lair.
 12423 | D:10     | Reached skill level 5 in Shields
 12446 | D:10     | Noticed a two-headed ogre
 12672 | D:10     | Noticed Urug
 12687 | D:10     | Killed Urug
 12744 | D:10     | Identified the +7 halberd of Uvastruzy {vorpal, rF+ rCorr}
 12772 | D:10     | Noticed Harold
 12784 | D:10     | Killed Harold
 12799 | D:10     | Killed a two-headed ogre
 12800 | D:10     | Reached skill level 8 in Long Blades
 12800 | D:10     | Reached skill level 5 in Evocations
 12800 | D:10     | Reached XP level 11. HP: 76/84 MP: 11/11
 13066 | D:10     | Noticed a two-headed ogre
 13082 | D:10     | Noticed a tengu warrior
 13291 | Lair:1   | Entered Level 1 of the Lair of Beasts
 13402 | Lair:1   | Noticed a four-headed hydra
 13416 | Lair:1   | Killed a four-headed hydra
 13630 | Lair:1   | You are sucked into a shaft and drop 1 floor!
 13911 | Lair:2   | Noticed an oklob plant
 14125 | Lair:2   | Reached skill level 5 in Throwing
 14481 | Lair:1   | Reached skill level 9 in Long Blades
 14783 | Lair:2   | Noticed an eight-headed hydra
 14870 | Lair:2   | Found a hole to the Spider Nest.
 14908 | Lair:2   | Noticed Nergalle
 14915 | Lair:2   | Killed Nergalle
 15553 | Lair:2   | Reached XP level 12. HP: 69/92 MP: 12/12
 16107 | Lair:1   | Killed an eight-headed hydra
 16396 | D:5      | Killed gowby's ghost
 16990 | Lair:3   | Reached skill level 10 in Long Blades
 18367 | Lair:4   | Noticed an eight-headed hydra
 18455 | Lair:4   | Killed an eight-headed hydra
 18549 | Lair:4   | Noticed an eight-headed hydra
 18554 | Lair:4   | Killed an eight-headed hydra
 18871 | Lair:4   | Reached XP level 13. HP: 94/101 MP: 13/13
 19199 | Lair:4   | Found a staircase to the Shoals.
 19378 | Lair:5   | Reached skill level 11 in Long Blades
 19830 | Lair:5   | Found a staircase to the Slime Pits.
 20679 | Lair:6   | Entered Level 6 of the Lair of Beasts
 21288 | Lair:6   | Reached skill level 10 in Fighting
 21657 | Lair:6   | Reached skill level 12 in Long Blades
 21833 | Lair:6   | Gained mutation: You have razor-sharp toenails. [demonic
                  | ancestry]
 21833 | Lair:6   | Reached XP level 14. HP: 104/110 MP: 14/14
 22595 | Lair:6   | Identified the +0 buckler "Qonad" {rPois Dex+3}
 23908 | Lair:2   | Identified the +1 scale mail "Zeonous" {rF+}
 24212 | Orc:1    | Entered Level 1 of the Orcish Mines
 25132 | Orc:2    | Entered Level 2 of the Orcish Mines
 25411 | Orc:2    | Found a staircase to the Elven Halls.
 25464 | Orc:2    | Noticed Sonja
 25473 | Orc:2    | Killed Sonja
 25662 | Orc:2    | Reached skill level 13 in Long Blades
 25702 | Orc:2    | Reached skill level 10 in Dodging
 25771 | Orc:2    | Gained mutation: You sometimes gain power by taking damage.
                  | [demonic ancestry]
 25771 | Orc:2    | Reached XP level 15. HP: 97/118 MP: 15/15
 25932 | Orc:2    | Found Quschocu's Jewellery Shoppe.
 25932 | Orc:2    | Found Syuloz's General Store.
 25933 | Orc:2    | Found Bycoinn's Antique Weapon Boutique.
 25933 | Orc:2    | Found Yzxo's Weapon Shoppe.
 25939 | Orc:2    | Bought the brooch of Shielding {Spirit SH+8} for 1009 gold
                  | pieces
 25939 | Orc:2    | Found the brooch of Shielding {Spirit SH+8}
 25952 | Orc:2    | Bought 2 scrolls of noise for 30 gold pieces
 26744 | D:10     | Found a staircase to the Lair.
 27641 | Orc:2    | Bought the ring "Mutas" {+Blink rN+ Will+} for 734 gold
                  | pieces
 27645 | Orc:2    | Bought the ring "Evafapse" {Will+ Dex+7} for 793 gold
                  | pieces
 28878 | Orc:2    | Bought a scroll of brand weapon for 300 gold pieces
 29341 | D:11     | Reached skill level 10 in Armour
 29475 | D:12     | Found a gate leading to a gauntlet.
 29496 | Gauntlet | Entered a Gauntlet
 29496 | Gauntlet | Found a transporter.
 29503 | Gauntlet | Found a transporter.
 29515 | Gauntlet | Found a transporter.
 29519 | Gauntlet | Found a transporter.
 29527 | Gauntlet | Found a transporter.
 29531 | Gauntlet | Found a transporter.
 29548 | Gauntlet | Found a transporter.
 29555 | Gauntlet | Found a runed translucent gate.
 29556 | Gauntlet | Found a transporter.
 29556 | Gauntlet | Found a runed translucent gate.
 29557 | Gauntlet | Found a runed translucent gate.
 29570 | Gauntlet | Found a transporter.
 29574 | Gauntlet | Found a transporter.
 29584 | Gauntlet | Found a transporter.
 29586 | Gauntlet | Found a transporter.
 29701 | Gauntlet | Reached skill level 1 in Crossbows
 30043 | Gauntlet | Reached skill level 10 in Shields
 30046 | Gauntlet | Identified the Almanac of Feathers
 30046 | Gauntlet | Identified the +9 hand axe of Lust {vorpal, rPois rF- rCorr
                  | Int+10 Stlth-}
 30046 | Gauntlet | Identified the +3 scimitar "Fish" {vorpal, rElec}
 30744 | D:13     | Identified the +2 leather armour of the Worm {Harm rPois
                  | rCorr Slay-4}
 30803 | D:13     | Found a gate to the Vaults.
 31096 | D:13     | Reached skill level 14 in Long Blades
 31174 | D:13     | Noticed Snorg
 31187 | D:13     | Killed Snorg
 31415 | D:13     | Noticed Jorgrun
 31423 | D:13     | HP: 5/120 [Jorgrun/iron shot (41)]
 31423 | D:13     | Slain by Jorgrun

Illustrated notes

Levels and vault maps discovered:
D:1:      roderic_crop_circles_arrival_small, layout_loops_ring,
          hangedman_decor_points
D:2:      layout_loops_corners
D:3:      layout_rooms
D:4:      layout_loops_ring, portal_sewer_entry_d, uniq_menkaure
D:5:      old_forge, layout_basic, temple_fountains, gammafunk_ghost_icy,
          guppyfry_early_lair_pool
D:6:      layout_cave_pools, hangedman_decor_lopped
D:7:      layout_loops_corners, serial_shops, nicolae_shop_crystal,
          chequers_serial_rivers_micro_d
D:8:      layout_basic, kiku_gazebo_garden_becter, minmay_fountain_box
D:9:      layout_basic, orc_0_dummy, serial_co_window_serial, co_window_paths_b,
          co_window_of_opportunity_a, co_window_paths_b, co_window_cross_1,
          co_window_of_opportunity_a, co_window_paths_b, co_window_paths_a,
          co_window_broadway_b, co_window_corner_b, co_window_of_opportunity_b,
          co_window_corner_b, glass_columns_c, roderic_batcave, eino_jars
D:10:     layout_cave_pods, david_lair_generic, grunt_tough_drop, uniq_urug,
          uniq_harold
D:11:     layout_basic, solitary_fountain
D:12:     layout_small_grid, gauntlet_entry_generic
D:13:     layout_gridville, grunt_vaults_entry_tiered, uniq_snorg, uniq_jorgrun
Temple:   roderic_octagonal_lattice_temple
Lair:1:   layout_hall_layers, serial_bayou_shore_b
Lair:2:   layout_small_grid, nicolae_spider_entry_tight_spaces,
          chequers_serial_rivers_marsh, grunt_megastairs_4,
          minmay_lair_oklob_chamber, uniq_nergalle
Lair:3:   layout_cave_pods, infiniplex_staircase_pool
Lair:4:   layout_cave_pods, elwin_shoals_entry_stream
Lair:5:   layout_regular_city, slime_dummy
Lair:6:   guppyfry_lair_end_dragon, layout_hall_layers,
          hangedman_lair_caniforms_friends
Orc:1:    layout_caves
Orc:2:    st_orc_ogre_mass, layout_diamond_mine, uniq_sonja

Skill      XL: |  1  2  3  4  5  6  7  8  9 10 11 12 13 14 15 |
---------------+----------------------------------------------+-----
Long Blades    | 2 3 4 5 6 8 9 10 12 13 14 | 14.0
Dodging        | 2 3 4 5 6 7 8 9 10 | 10.6
Armour         | 1 2 3 4 5 6 7 8 9 10 | 10.3
Fighting       | 4 5 6 7 8 9 10 11 | 11.6
Shields        | 1 2 3 4 5 6 7 8 9 10 | 10.2
Throwing       | 2 3 4 5 6 |  6.0
Evocations     | 2 3 5 6 |  6.0
Crossbows      | 2 |  2.8
Stealth        | |  4.5

Action                   |  1- 3 |  4- 6 |  7- 9 | 10-12 | 13-15 || total
-------------------------+-------+-------+-------+-------+-------++-------
Melee: Falchion          |    42 |     3 |       |       |       ||    45
       Whip              |    86 |   176 |   226 |       |       ||   488
       Trident           |       |     8 |       |     8 |       ||    16
       Double sword      |       |       |    98 |   305 |   818 ||  1221
 Fire: Hand crossbow     |       |       |       |       |     4 ||     4
Throw: Boomerang         |       |       |    17 |     6 |    18 ||    41
       Dart              |       |       |       |    10 |       ||    10
       Javelin           |       |       |       |       |     1 ||     1
Evoke: Wand              |       |       |       |    33 |    13 ||    46
       Phial of floods   |       |       |       |     1 |     1 ||     2
  Use: Potion            |     1 |     3 |       |     1 |     2 ||     7
       Scroll            |       |       |     5 |     7 |     7 ||    19
 Stab: Sleeping          |     1 |     4 |     4 |       |     1 ||    10
       Distracted        |       |       |     1 |     4 |    10 ||    15
       Paralysed         |       |       |       |     6 |     3 ||     9
       Invisible         |       |       |       |       |     1 ||     1
Armor: Scale mail        |    52 |   113 |   203 |   145 |   241 ||   754
Dodge: Dodged            |    66 |    75 |    96 |   123 |   302 ||   662
Block: Other             |    15 |     5 |       |       |       ||    20
       Kite shield       |       |   109 |   259 |    45 |       ||   413
       Tower shield      |       |       |       |   377 |  1099 ||  1476
       Buckler           |       |       |       |       |     6 ||     6
       Rpst.: Falchion   |     8 |       |       |       |       ||     8
       Double sword      |       |       |     9 |    29 |    61 ||    99

Table legend: (Time is in decaauts)
 A = Elapsed time spent in this place.
 B = Non-inter-level travel time spent in this place.
 C = Inter-level travel time spent in this place.
 D = Time resting spent in this place.
 E = Time spent auto-exploring this place.
 F = Levels seen in this place.
 G = Mean time per level.
                   A        B        C        D        E       F      G
               +--------+--------+--------+--------+--------+-----+--------+
         Total |  32187 |  29457 |   2730 |   1930 |  22323 |  24 | 1341.1 |
       Dungeon |  16466 |  14923 |   1543 |    860 |  11392 |  13 | 1266.6 |
        Temple |    224 |    198 |     26 |      0 |    191 |   1 |  224.0 |
          Lair |  10916 |  10025 |    891 |    870 |   7569 |   6 | 1819.3 |
  Orcish Mines |   2262 |   1993 |    269 |      2 |   1549 |   2 | 1131.0 |
         Sewer |   1665 |   1665 |      0 |     41 |   1300 |   1 | 1665.0 |
      Gauntlet |    652 |    652 |      0 |    156 |    321 |   1 |  652.0 |
               +--------+--------+--------+--------+--------+-----+--------+

Top non-repeatable levels by time:
  Lair:6: 2766 daAuts
    D:10: 2425 daAuts
  Lair:2: 2333 daAuts
     D:9: 2128 daAuts
     D:5: 2073 daAuts
     D:4: 1756 daAuts
   Sewer: 1665 daAuts
  Lair:3: 1581 daAuts
  Lair:5: 1571 daAuts
  Lair:4: 1446 daAuts
   Orc:2: 1371 daAuts
  Lair:1: 1216 daAuts
     D:3: 1143 daAuts
     D:7: 1046 daAuts
     D:8: 972 daAuts
